[Event "Team 45 45 League T38"]
[Site "Internet Chess Club"]
[Date "2008.08.04"]
[Round "2"]
[White "RedSkull"]
[Black "JimGaming"]
[Result "1-0"]
[WhiteElo "1180"]
[BlackElo "1217"]
[Opening "Nimzovich-Larsen attack: classical variation"]
[ECO "A01"]
[Time "20:00:37"]
[TimeControl "2700+45"]

1. b3 d5 2. Bb2 Bg4 3. Nf3 Bxf3 4. exf3 Nd7 5. c4 c6 6. Be2 e6 7. O-O Ngf6 8. d3
Bd6 9. Nd2 O-O 10. a3 Be5 11. d4 Bf4 12. Rc1 Qc7 13. g3 Bg5 14. f4 Bh6 15. Bf3
g5 16. fxg5 Bxg5 17. Rc2 Kh8 18. b4 Rg8 19. Kh1 Rg6 20. Rg1 Rh6 21. Nf1 Rg8 22.
Qd3 Nb6 23. Ne3 Bxe3 24. Qxe3 Rgg6 25. Bc1 Nxc4 26. Qe2 Nxa3 27. Bxa3 Rg8 28.
Bc1 Rhg6 29. Bf4 Qe7 30. Be5 R8g7 31. Bh5 Rg5 32. g4 Rxh5 33. gxh5 Rxg1+ 34.
Kxg1 Kg8 35. Qf3 Ne4 36. Qg4+ Qg5 37. Qxg5+ Nxg5 38. f4 Nf3+ 39. Kh1 Nxe5 40.
fxe5 a6 41. Kg2 Kg7 42. Kf3 h6 43. Rg2+ Kf8 44. Ke3 Ke7 45. Rf2 Kf8 46. Kd3 Ke7
47. Kc3 Kf8 48. Kb3 Ke7 49. Ka4 b6 50. Rg2 f5 51. exf6+ Kxf6 52. Rg6+ Kf5 53.
Rxh6 e5 54. dxe5 Kxe5 55. Rh8 Kd4 56. Rc8 c5 57. bxc5 bxc5 58. h6 Kc4 59. h7 d4
60. h8=Q d3 61. Qh4+ Kd5 62. Qf4 d2 63. Qxd2+ Kc4 64. Qc2+ Kd4 65. Qxc5+ Kd3 66.
Rd8+ Ke2 67. Qc3 Kf2 68. Re8 a5 69. Qf6+ Kg2 70. Rg8+ Kh1 71. Kxa5 Kxh2 72. Qh6#
{Black checkmated} 1-0

[Event "Team 45 45 League T38"]
[Site "Internet Chess Club"]
[Date "2008.08.02"]
[Round "2"]
[White "king4aknight"]
[Black "kjs110"]
[Result "1-0"]
[WhiteElo "1231"]
[BlackElo "1116"]
[Opening "Pirc: classical (two knights) system"]
[ECO "B08"]
[Time "13:03:22"]
[TimeControl "2700+45"]

1. e4 d6 2. d4 Nf6 3. Nc3 g6 4. Nf3 Bg7 5. Bc4 O-O 6. O-O Nbd7 7. Bg5 h6 8. Bf4
e5 9. dxe5 dxe5 10. Bd2 a6 11. Nd5 Nxe4 12. Bb4 c5 13. Bc3 Nxc3 14. bxc3 e4 15.
Qe1 exf3 16. Ne7+ Kh8 17. Qe4 Nb6 18. Bd3 Bf5 19. Nxf5 gxf5 20. Qxf5 fxg2 21.
Qh7# {Black checkmated} 1-0

[Event "Team 45 45 League T38"]
[Site "Internet Chess Club"]
[Date "2008.08.01"]
[Round "2"]
[White "The-Capitalist"]
[Black "carolinaknight"]
[Result "0-1"]
[WhiteElo "1180"]
[BlackElo "1175"]
[Opening "French: Winawer, Petrosian variation"]
[ECO "C16"]
[Time "20:47:54"]
[TimeControl "2700+45"]

1. e4 e6 2. d4 d5 3. Nc3 Bb4 4. e5 Qd7 5. Bd2 b6 6. a3 Bf8 7. Nf3 Ba6 8. Bxa6
Nxa6 9. Qe2 Nb8 10. Qb5 c6 11. Qd3 Ne7 12. b4 Nf5 13. Ne2 h6 14. g4 Ne7 15. h4
Qb7 16. Qb3 Nd7 17. Qc3 b5 18. O-O Nb6 19. Qe3 Nc4 20. Qc3 Nxd2 21. Qxd2 Nc8 22.
c3 Nb6 23. Qc2 Be7 24. Kg2 O-O-O 25. Rh1 f5 26. g5 hxg5 27. hxg5 Rxh1 28. Rxh1
g6 29. Nf4 Rg8 30. Nxe6 Nc4 31. a4 a6 32. axb5 axb5 33. Nc5 Bxc5 34. dxc5 Qe7
35. Qa2 Qb7 36. Ra1 Kb8 37. Nd2 Nxe5 38. Qa6 Qxa6 39. Rxa6 Kb7 40. Ra1 Rh8 41.
f4 Ng4 42. Nf3 Re8 43. Re1 Rxe1 44. Nxe1 Ne3+ 45. Kf3 Nc4 46. Nd3 Kc7 47. Ne5
Nxe5+ 48. fxe5 Kd7 49. Kf4 Ke6 50. Kg3 Kxe5 51. Kf3 f4 52. Ke2 Ke4 53. Kf2 Kf5
54. Kf3 Kxg5 55. Kg2 Kg4 56. Kf2 g5 57. Kg2 f3+ 58. Kf2 Kf4 59. Kg1 g4 60. Kf2
g3+ 61. Kf1 Ke3 62. Kg1 Ke2 {White resigns} 0-1

[Event "Team 45 45 League T38"]
[Site "Internet Chess Club"]
[Date "2008.08.01"]
[Round "2"]
[White "Marcel51"]
[Black "PsyMar"]
[Result "1-0"]
[WhiteElo "1051"]
[BlackElo "1156"]
[Opening "Sicilian: Labourdonnais-Löwenthal variation"]
[ECO "B32"]
[Time "15:00:07"]
[TimeControl "2700+45"]

1. e4 c5 2. Nf3 Nc6 3. d4 cxd4 4. Nxd4 e5 5. Nb5 a6 6. Nd6+ Bxd6 7. Qxd6 Qe7 8.
Qxe7+ Ngxe7 9. Bd3 d5 10. exd5 Nxd5 11. Nc3 Ncb4 12. O-O O-O 13. Bc4 Nxc3 14.
bxc3 Nxc2 15. Rb1 Bf5 16. Bb3 Nd4 17. Rb2 Nxb3 18. Rxb3 Be6 19. Rxb7 Bxa2 20.
Rb2 Bc4 21. Re1 Rfe8 22. Rb4 Rac8 23. Re4 Red8 24. Re1 Be2 25. Rb2 Bg4 26. Bd2
Rb8 27. Rxb8 Rxb8 28. Rxe5 Rb1+ 29. Re1 Rb8 30. g3 Bf3 31. h4 h5 32. Kh2 Rb2 33.
Be3 a5 34. Ra1 Rb5 35. c4 Rb4 36. c5 Rc4 37. Rxa5 Rb4 38. Ra1 f5 39. Rc1 Rg4 40.
c6 Bxc6 41. Rxc6 Kf7 42. Bf4 g5 43. hxg5 h4 44. Rf6+ Ke7 45. Kh3 hxg3 46. fxg3
Rxf4 47. gxf4 Ke8 48. Rxf5 Ke7 49. g6 Ke6 50. Kg4 Ke7 51. g7 Ke6 52. g8=Q+ Ke7
53. Qg6 Kd7 54. Rf7+ Ke8 55. Qg8# {Black checkmated} 1-0

[Event "Team 45 45 League T38"]
[Site "Internet Chess Club"]
[Date "2008.08.02"]
[Round "2"]
[White "rj115225"]
[Black "Esslinger"]
[Result "0-1"]
[WhiteElo "957"]
[BlackElo "1118"]
[Opening "Four knights game"]
[ECO "C47"]
[Time "14:00:32"]
[TimeControl "2700+45"]

1. e4 e5 2. Nf3 Nc6 3. Nc3 Nf6 4. Bd3 Bc5 5. Ng5 d5 6. O-O O-O 7. Nxd5 Nxd5 8.
Qh5 Nf6 9. Qh4 Be6 10. Bb5 Nd4 11. Bd3 h6 12. f4 Nf3+ 13. Kh1 Nxh4 14. f5 Bd7
15. Bc4 hxg5 16. Re1 Bc6 17. g3 Nf3 18. Re2 Qd4 19. Kg2 Bxe4 20. Kh3 Ng1# {White
checkmated} 0-1

[Event "Team 45 45 League T38"]
[Site "Internet Chess Club"]
[Date "2008.08.01"]
[Round "2"]
[White "BosqueVerde"]
[Black "fuzzface"]
[Result "1-0"]
[WhiteElo "1264"]
[BlackElo "1310"]
[Opening "QGD Slav defense"]
[ECO "D10"]
[Time "12:00:50"]
[TimeControl "2700+45"]

1. d4 d5 2. c4 c6 3. Nc3 Nf6 4. Qc2 e6 5. a3 Be7 6. Nf3 h6 7. e4 c5 8. e5 Ne4 9.
Nxe4 dxe4 10. Qxe4 cxd4 11. Nxd4 Qb6 12. b4 a6 13. Bd3 Bd7 14. O-O Nc6 15. c5
Qc7 16. Nf3 Nd8 17. Qg4 Bf8 18. Be3 Bc6 19. Qg3 Bxf3 20. Qxf3 Qxe5 21. Bf4 Qf6
22. Rac1 Nc6 23. Be4 Nd4 24. Qe3 Ne2+ 25. Qxe2 Qxf4 26. Bxb7 Ra7 27. Bc6+ Ke7
28. g3 Qc7 29. Ba4 g5 30. Rfd1 Qc8 31. b5 f5 32. b6 Rb7 33. Qxa6 Bg7 34. c6 Rxb6
35. Qxb6 Be5 36. Rc5 Bc7 37. Qb7 Kf6 38. Qxc8 Rxc8 39. Rd7 Bb6 40. Rc4 Bc7 41.
Rb4 f4 42. Rb7 Ra8 43. Rbxc7 Rxa4 44. Rf7+ Ke5 45. gxf4+ gxf4 46. Ra7 Rd4 47. c7
Ke4 48. c8=Q Rd1+ 49. Kg2 e5 50. Qc2+ Rd3 {Black resigns} 1-0

[Event "Team 45 45 League T38"]
[Site "Internet Chess Club"]
[Date "2008.08.04"]
[Round "2"]
[White "theartist"]
[Black "Graybeard"]
[Result "1-0"]
[WhiteElo "1232"]
[BlackElo "1232"]
[Opening "QGA: 3.e4"]
[ECO "D20"]
[Time "09:31:57"]
[TimeControl "2700+45"]

1. d4 d5 2. c4 dxc4 3. e4 e5 4. Be3 exd4 5. Bxd4 Nc6 6. Be3 Qxd1+ 7. Kxd1 Ne5 8.
f3 Be6 9. Nc3 O-O-O+ 10. Kc2 Nc6 11. Rd1 Be7 12. Nge2 Kb8 13. Rxd8+ Bxd8 14. Nf4
Nge7 15. Nxe6 fxe6 16. Bxc4 e5 17. Rd1 Rf8 18. Nd5 Ng6 19. Bc5 Re8 20. Bb5 a6
21. Bxc6 bxc6 22. Nb4 Kb7 23. Rd7 Be7 24. Bxe7 Rxe7 25. Rxe7 Nxe7 26. Nd3 Ng6
27. g3 Kb6 28. Kc3 a5 29. Kc4 h5 30. h4 Ne7 31. Nxe5 c5 32. Nd7+ Kc6 33. Nxc5 g6
34. b4 axb4 35. Kxb4 Kb6 36. a4 Nc6+ 37. Kc4 Na5+ 38. Kd5 c6+ 39. Kd4 Nb7 40.
Nxb7 Kxb7 41. Kc5 Ka6 42. Kxc6 Ka5 43. e5 {Black resigns} 1-0

[Event "Team 45 45 League T38"]
[Site "Internet Chess Club"]
[Date "2008.08.04"]
[Round "2"]
[White "ffplayer"]
[Black "WannaB"]
[Result "1-0"]
[WhiteElo "1203"]
[BlackElo "1064"]
[Opening "QGA, 4.Nc3"]
[ECO "D24"]
[Time "20:00:14"]
[TimeControl "2700+45"]

1. d4 d5 2. c4 dxc4 3. Nc3 Nf6 4. Nf3 b5 5. Bg5 Bb7 6. e3 Ne4 7. Bh4 Nxc3 8.
bxc3 f6 9. Be2 Nc6 10. O-O b4 11. Rb1 e6 12. Bxc4 Kf7 13. Qb3 Qe7 14. Ne5+ Nxe5
15. dxe5 Bd5 16. Bxd5 Rd8 17. Bc4 c5 18. f4 Re8 19. f5 Qc7 20. Bg3 Qc8 21. Bxe6+
Rxe6 22. fxe6+ Qxe6 23. Qxe6+ Kxe6 24. cxb4 cxb4 25. exf6 gxf6 26. Be1 a5 27.
Bg3 Bc5 28. Bf4 f5 29. g3 h5 30. Kg2 Rg8 31. Rfe1 a4 32. e4 fxe4 33. Rxe4+ Kf5
34. Re5+ Kf6 35. Rxc5 h4 36. Rxb4 a3 37. Be5+ Ke6 38. Rxh4 Rd8 39. Ra5 Rd2+ 40.
Kh3 Rxa2 41. Rh6+ Kf5 42. Bd6+ Ke4 43. Rxa3 Rd2 44. Bf4 Rd3 45. Rxd3 {Black
resigns} 1-0

[Event "Team 45 45 League T38"]
[Site "Internet Chess Club"]
[Date "2008.08.07"]
[Round "2"]
[White "FramerX"]
[Black "Swaney"]
[Result "0-1"]
[WhiteElo "1546"]
[BlackElo "1785"]
[Opening "Giuoco Pianissimo"]
[ECO "C50"]
[Time "16:00:36"]
[TimeControl "2700+45"]

1. e4 e5 2. Nf3 Nc6 3. Bc4 Bc5 4. d3 d6 5. h3 Nf6 6. Ng5 O-O 7. O-O Na5 8. Nd2
c6 9. a3 Nxc4 10. Nxc4 a6 11. Be3 Ba7 12. c3 b5 13. Bxa7 bxc4 14. Be3 Rb8 15.
Rb1 d5 16. dxc4 dxe4 17. Qxd8 Rxd8 18. Rfe1 h6 19. Bc5 hxg5 20. Be7 Rd2 21. Red1
Rbxb2 22. Rxd2 Rxb1+ 23. Kh2 Be6 24. Rd6 Rb2 25. Kg1 Rb3 26. Rxc6 Rxc3 27. Rxa6
Bxc4 28. Ra5 Rc1+ 29. Kh2 Rf1 30. Rxe5 Rxf2 31. Bxf6 gxf6 32. Rxe4 Rxg2+ 33.
Kxg2 Bd5 34. Kf3 f5 35. a4 Bxe4+ 36. Ke3 Kf8 37. a5 Ke8 {White resigns} 0-1

[Event "Team 45 45 League T38"]
[Site "Internet Chess Club"]
[Date "2008.08.03"]
[Round "2"]
[White "Ghashgork"]
[Black "okun"]
[Result "1-0"]
[WhiteElo "1674"]
[BlackElo "1590"]
[Opening "Bird's opening"]
[ECO "A02"]
[Time "07:33:36"]
[TimeControl "2700+45"]

1. f4 Nf6 2. Nf3 d5 3. e3 g6 4. Be2 Bg7 5. O-O O-O 6. d3 Nc6 7. d4 Bf5 8. c3 a6
9. Ne5 Qd6 10. Nd2 b5 11. Nb3 Ne4 12. Bd3 f6 13. Bxe4 Bxe4 14. Nxc6 Qxc6 15. Nc5
e5 16. Bd2 exd4 17. exd4 f5 18. Be1 a5 19. Bh4 b4 20. Nxe4 dxe4 21. cxb4 axb4
22. Qb3+ Kh8 23. Qxb4 Ra4 24. Qe7 Re8 25. Qf7 Bxd4+ 26. Kh1 Bxb2 27. Rad1 Bg7
28. Rd7 Rf8 29. Qxg7# {Black checkmated} 1-0

Based on the Td's ruling I have posted a result.

[Event "Team 45 45 League T38"]
[Site "Internet Chess Club"]
[Date "2008.08.02"]
[Round "2"]
[White "smsxman"]
[Black "Pranav1"]
[Result "0-1"]
[WhiteElo "1628"]
[BlackElo "1566"]
[Opening "Danish gambit"]
[ECO "C21"]
[Time "12:59:35"]
[TimeControl "2700+45"]

1. e4 e5 2. d4 exd4 3. c3 dxc3 4. Nxc3 Bb4 5. Qb3 Bxc3+ 6. Qxc3 Nc6 7. Qxg7 Qf6
8. Qg3 d6 9. Bc4 Be6 10. Bd3 Nge7 11. Qe3 O-O-O 12. Bb5 Qd4 13. Bxc6 Qxe3+ 14.
Bxe3 Nxc6 15. a3 Ne5 16. Bd4 Rhg8 17. g3 Bg4 18. Bxe5 dxe5 19. f3 Be6 20. Rc1
Rd7 21. Ne2 Rgd8 22. O-O a6 23. Nc3 Rd2 24. b4 Rb2 25. Rf2 Rdd2 26. Rxd2 Rxd2
27. b5 axb5 28. Nxb5 c6 29. a4 Kd8 30. Nc3 Ke7 31. a5 Kd6 32. Rd1 Rxd1+ 33. Nxd1
Kc5 34. Nb2 Kb5 35. f4 exf4 36. gxf4 Kxa5 37. e5 b5 38. Kf2 Kb4 39. Ke3 Kc3 40.
Nd3 b4 41. Nc5 b3 42. Na4+ Kc2 43. Kd4 b2 44. Nxb2 Kxb2 45. Kc5 Bd5 46. f5 Kc2
47. f6 Kd3 48. Kd6 Ke4 49. e6 Bxe6 50. Kxc6 Ke5 51. Kc5 Kxf6 52. Kd4 Kg5 53. Ke3
Kg4 54. h3+ Kxh3 55. Kf4 Kg2 56. Kg5 Kg3 57. Kh6 f5 58. Kxh7 f4 59. Kg6 f3 60.
Kf6 Bc4 61. Ke5 f2 62. Kd4 f1=Q {White resigns} 0-1

[Event "Team 45 45 League T38"]
[Site "Internet Chess Club"]
[Date "2008.08.04"]
[Round "2"]
[White "Razorbackchess"]
[Black "nanning"]
[Result "1-0"]
[WhiteElo "1783"]
[BlackElo "1563"]
[Opening "King's Indian: Averbakh system"]
[ECO "E73"]
[Time "05:15:26"]
[TimeControl "2700+45"]

1. d4 Nf6 2. c4 g6 3. Nc3 Bg7 4. e4 d6 5. Be2 O-O 6. Bg5 h6 7. Be3 e5 8. d5 Nbd7
9. Qd2 Kh7 10. g4 Ng8 11. h4 Ndf6 12. g5 Ng4 13. gxh6 Bxh6 14. Bxh6 N4xh6 15.
Nf3 f6 16. O-O-O Kg7 17. Rdg1 Ng4 18. Rg2 Kf7 19. h5 g5 20. Nxg5+ fxg5 21. Bxg4
Bxg4 22. Rxg4 Nh6 23. Rxg5 Ke7 24. Rg7+ Nf7 25. Qg5+ Kd7 26. Qxd8+ Raxd8 27. Ne2
Kc8 28. Ng3 Nh6 29. Rg6 Rh8 30. Kd2 c6 31. Ke3 cxd5 32. cxd5 Rdf8 33. Rc1+ Kd7
34. Rg7+ Rf7 35. Rxf7+ Nxf7 36. f4 exf4+ 37. Kxf4 Rg8 38. Rh1 Nh6 39. Nf5 Nxf5
40. exf5 Ke7 41. h6 Kf6 42. h7 Rh8 43. Rh6+ Ke7 44. Kg5 Kf7 45. Rxd6 {Black
resigns} 1-0

[Event "Team 45 45 League T38"]
[Site "Internet Chess Club"]
[Date "2008.08.04"]
[Round "2"]
[White "ZiggyStardust"]
[Black "sean98"]
[Result "1-0"]
[WhiteElo "1605"]
[BlackElo "1692"]
[Opening "Sicilian: Grand Prix attack"]
[ECO "B23"]
[Time "15:32:17"]
[TimeControl "2700+45"]

1. e4 c5 2. Nc3 Nc6 3. f4 g6 4. Nf3 Bg7 5. Bc4 e6 6. O-O Nge7 7. Qe1 O-O 8. d3
d5 9. Bb5 a6 10. Bxc6 bxc6 11. Ne2 Rb8 12. e5 f6 13. b3 fxe5 14. fxe5 Nf5 15.
Bg5 Qc7 16. Ng3 h6 17. Nxf5 gxf5 18. Bf4 Qf7 19. Qh4 Qg6 20. Qe7 Rb7 21. Qxc5
Qg4 22. Nd4 h5 23. Nxc6 Rff7 24. Nd8 Rbc7 25. Qf2 Rf8 26. h3 Qg6 27. Qb6 Rxc2
28. Rf2 Rc3 29. Nc6 Qe8 30. Rc1 Rxc1+ 31. Bxc1 Qd7 32. Ba3 Re8 33. Rc2 Bf8 34.
Bxf8 Rxf8 35. Nb8 Qb7 36. Qxb7 Bxb7 37. Nd7 Rf7 38. Nf6+ Kg7 39. Nxh5+ Kg6 40.
Nf4+ Kg5 41. Nxe6+ Kg6 42. Rc7 Rxc7 43. Nxc7 Kf7 44. d4 Ke7 45. Kf2 Kd7 46. Nxa6
Bxa6 47. Kf3 Bd3 48. h4 Be4+ 49. Kf4 Ke6 50. g3 Bb1 51. a3 Ba2 52. b4 Bb3 53. h5
Ba4 54. h6 Kf7 55. h7 Kg7 56. h8=N Kxh8 57. Kxf5 Kg7 58. Ke6 Bc6 59. Kd6 Bb7 60.
b5 Kf7 61. e6+ Ke8 62. a4 Kd8 63. a5 Bc8 64. a6 Bd7 65. a7 {Black resigns} 1-0

[Event "Team 45 45 League T38"]
[Site "Internet Chess Club"]
[Date "2008.08.02"]
[Round "2"]
[White "peterdiplaros"]
[Black "Pilgrim"]
[Result "0-1"]
[WhiteElo "1414"]
[BlackElo "1540"]
[Opening "Queen's pawn game"]
[ECO "A45"]
[Time "13:54:30"]
[TimeControl "2700+45"]

1. d4 Nf6 2. e3 e6 3. Bd3 c5 4. c3 cxd4 5. cxd4 d5 6. f4 Bb4+ 7. Bd2 Bxd2+ 8.
Nxd2 Qa5 9. Nf3 Nc6 10. a3 Bd7 11. O-O Rc8 12. Ne5 O-O 13. b4 Qd8 14. g4 Ne4 15.
Nxe4 dxe4 16. Bxe4 Nxe5 17. dxe5 Rc3 18. Qf3 Qb6 19. Rfe1 Bc6 20. Bxc6 bxc6 21.
Qe4 Rd8 22. a4 Rdd3 23. a5 Qb5 24. Rad1 g6 25. Rxd3 Rxd3 26. Kf2 Rb3 27. Rc1
Rxb4 28. Qxc6 Rb2+ 29. Kg3 Qe2 30. Kh4 h6 31. Rh1 Qf2+ 32. Kh3 Qxe3+ 33. Kh4
Qxf4 34. h3 Qf2# {White checkmated} 0-1

[Event "Team 45 45 League T38"]
[Site "Internet Chess Club"]
[Date "2008.08.05"]
[Round "2"]
[White "EyeAm"]
[Black "kingphisch"]
[Result "1-0"]
[WhiteElo "1446"]
[BlackElo "1466"]
[Opening "Caro-Kann: Panov-Botvinnik attack, 5...e6"]
[ECO "B14"]
[Time "13:02:38"]
[TimeControl "2700+45"]

1. e4 c6 2. d4 d5 3. exd5 cxd5 4. c4 Nf6 5. Nc3 e6 6. c5 Nc6 7. Bg5 Be7 8. Bb5
O-O 9. Nf3 a6 10. Bxc6 bxc6 11. Ne5 Bb7 12. O-O Qc7 13. Bf4 Qd8 14. Qf3 h6 15.
h3 g5 16. Be3 Qc7 17. b4 Nh7 18. Qh5 Kg7 19. Ng4 f5 20. Qxh6+ Kh8 21. Ne5 f4 22.
Ng6+ Kg8 23. Nxf8 Bxf8 24. Qxe6+ Kh8 25. Bd2 Bg7 26. Qe2 Nf6 27. Rfe1 Re8 28.
Qd3 Rxe1+ 29. Rxe1 Bc8 30. Qg6 Qd7 31. Qxg5 Qf5 32. Qxf5 Bxf5 33. Bxf4 Ne4 34.
Nxe4 Bxe4 35. Be5 Bxe5 36. dxe5 Kg7 37. f3 Bd3 38. e6 Kf8 39. e7+ Ke8 40. h4 Bc4
41. h5 d4 42. h6 Bg8 43. f4 d3 44. g4 d2 45. Rd1 Kxe7 46. Rxd2 Bh7 47. Kg2 Be4+
48. Kg3 Kf7 49. f5 Kf6 50. Kf4 Bd5 51. g5+ Kf7 52. g6+ Kg8 53. Kg5 Kf8 54. f6
Kg8 55. Re2 {Black resigns} 1-0

[Event "Team 45 45 League T38"]
[Site "Internet Chess Club"]
[Date "2008.08.01"]
[Round "2"]
[White "Visin"]
[Black "jjaillet2007"]
[Result "1-0"]
[WhiteElo "1251"]
[BlackElo "1227"]
[Opening "French: advance, Paulsen attack"]
[ECO "C02"]
[Time "13:33:54"]
[TimeControl "2700+45"]

1. e4 e6 2. d4 d5 3. e5 c5 4. Nf3 Nc6 5. c3 cxd4 6. cxd4 f6 7. Bb5 Qa5+ 8. Nc3
Bd7 9. Bxc6 Bxc6 10. O-O fxe5 11. Nxe5 Nf6 12. Bd2 Bd6 13. Nxc6 bxc6 14. Re1 O-O
15. Rxe6 Qc7 16. g3 Rae8 17. Rxe8 Rxe8 18. Qf3 Qf7 19. Re1 Rxe1+ 20. Bxe1 Qh5
21. Qxh5 Nxh5 22. a3 Kf7 23. Na2 Ke6 24. Bb4 Nf6 25. Bxd6 Kxd6 26. Nc3 Ne4 27.
Kf1 c5 28. Nxe4+ dxe4 29. dxc5+ Kxc5 30. b3 a5 31. Ke2 a4 32. bxa4 Kb6 33. Ke3
Ka5 34. Kxe4 Kxa4 35. f4 Kxa3 36. h4 Kb4 37. Ke5 Kc5 38. g4 Kc6 39. Ke6 g6 40.
f5 gxf5 41. gxf5 Kc7 42. Ke7 Kc6 43. f6 Kd5 44. f7 Ke5 45. f8=Q h5 46. Qh6 Ke4
47. Qxh5 Kf4 48. Qg5+ Ke4 49. h5 Kd4 50. h6 {Black resigns} 1-0

[Event "Team 45 45 League T38"]
[Site "Internet Chess Club"]
[Date "2008.08.03"]
[Round "2"]
[White "DrOMM"]
[Black "Dalcon"]
[Result "1-0"]
[WhiteElo "1339"]
[BlackElo "1249"]
[Opening "Robatsch (modern) defense"]
[ECO "B06"]
[Time "16:30:20"]
[TimeControl "2700+45"]

1. e4 g6 2. Nf3 Bg7 3. d4 d6 4. Be2 Nf6 5. O-O O-O 6. Nc3 Re8 7. e5 dxe5 8. dxe5
Ng4 9. Bf4 Nc6 10. e6 Bxe6 11. Qxd8 Rexd8 12. Bxc7 Rd7 13. Bf4 Bxc3 14. bxc3 Nf6
15. a3 Ne4 16. c4 Nc3 17. Bd3 f6 18. Bd2 Na4 19. Rab1 a5 20. Rfe1 Bg4 21. Re3
Bxf3 22. Rxf3 Ne5 23. Re3 Kg7 24. Rb5 Nxc4 25. Bxc4 Rxd2 26. Rxe7+ Kh6 27. Rbxb7
Rh8 28. g3 Rxc2 29. Bb5 Nc5 30. Rbc7 f5 31. h4 Rc3 32. a4 Ne4 33. Bc4 Nd2 34.
Bb5 Rxc7 35. Rxc7 Nf3+ 36. Kg2 Nd4 37. Bc4 Nc2 38. Ra7 Rc8 39. Bb5 Na3 40. Rxa5
Nxb5 41. Rxb5 Ra8 42. a5 Ra6 43. Kf3 Kg7 44. Kf4 Kf6 45. f3 Ke7 46. g4 fxg4 47.
fxg4 Kf7 48. g5 Ke7 49. Kg4 Kf7 50. Kf4 Ke7 51. Ke5 Kf7 52. Kd4 Ke7 53. Kc4 Kd7
54. Kb4 Kc6 55. Rc5+ Kd6 56. Rc8 Ra7 57. Kb5 Kd7 58. Rc1 Rc7 59. Rd1+ Kc8 60. a6
Kb8 61. Rd8+ Ka7 62. Rd6 Rf7 63. Kc5 Rf5+ 64. Rd5 Kxa6 65. Rxf5 gxf5 66. Kd4 Kb6
67. h5 Kc6 68. g6 {Black resigns} 1-0

[Event "Team 45 45 League T38"]
[Site "Internet Chess Club"]
[Date "2008.08.01"]
[Round "2"]
[White "rpgrossman"]
[Black "squeege"]
[Result "0-1"]
[WhiteElo "1059"]
[BlackElo "1161"]
[Opening "Réti: King's Indian attack (Barcza system)"]
[ECO "A07"]
[Time "21:25:44"]
[TimeControl "2700+45"]

1. Nf3 d5 2. g3 Bf5 3. Bg2 Nf6 4. O-O e6 5. d3 Be7 6. Nc3 Nc6 7. Bf4 Bd6 8. Nb5
Bxf4 9. gxf4 O-O 10. Nh4 a6 11. Nxf5 axb5 12. Ng3 Re8 13. e3 Qd6 14. a3 Ne7 15.
b4 c6 16. c3 Nf5 17. Nxf5 exf5 18. d4 Ne4 19. f3 Nxc3 20. Qc2 Rxe3 21. Qxf5 Ne2+
22. Kf2 Nxd4 23. Qg4 Re2+ 24. Kg1 Rae8 25. Bh3 Nc2 26. Qd7 Qg6+ 27. Bg4 Nxa1 28.
Rf2 R2e7 29. Qf5 Qxf5 30. Bxf5 Re1+ 31. Rf1 Rxf1+ 32. Kxf1 b6 {White resigns}
0-1

[Event "Team 45 45 League T38"]
[Site "Internet Chess Club"]
[Date "2008.08.03"]
[Round "2"]
[White "MeansToAnEnd"]
[Black "Daidalos"]
[Result "1-0"]
[WhiteElo "1125"]
[BlackElo "1024"]
[Opening "King's pawn opening"]
[ECO "B07"]
[Time "14:00:32"]
[TimeControl "2700+45"]

1. e4 d6 2. d4 c6 3. Nf3 h6 4. Nc3 e6 5. Bd3 Nd7 6. e5 Nb6 7. Bf4 d5 8. O-O Bd7
9. a3 Qc7 10. b3 O-O-O 11. Qd2 f5 12. exf6 gxf6 13. Bxc7 Kxc7 14. Na4 Bd6 15.
Nxb6 axb6 16. b4 Ra8 17. Qe2 Ne7 18. Nh4 Be8 19. Qxe6 Rf8 20. c4 Bd7 21. Qe3
Rfe8 22. Qxh6 Ng8 23. Qd2 Ne7 24. c5 bxc5 25. bxc5 Bxh2+ 26. Kxh2 Rh8 27. g3 Nf5
28. Qf4+ Kc8 29. Bxf5 Rf8 30. Bxd7+ Kxd7 31. Qd6+ Ke8 32. Ng6 Rf7 33. Rfe1+ Re7
34. Rxe7# {Black checkmated} 1-0

[Event "Team 45 45 League T38"]
[Site "Internet Chess Club"]
[Date "2008.08.04"]
[Round "2"]
[White "KingsGrace"]
[Black "Just-Jim"]
[Result "0-1"]
[WhiteElo "1304"]
[BlackElo "1455"]
[Opening "QGD Slav: 3.Nf3"]
[ECO "D11"]
[Time "13:02:44"]
[TimeControl "2700+45"]

1. d4 d5 2. c4 c6 3. Nf3 Bg4 4. Bf4 e6 5. Ne5 Bf5 6. e3 Bb4+ 7. Nc3 Bxc3+ 8.
bxc3 h6 9. Bd3 Bxd3 10. Qxd3 Nf6 11. Rb1 O-O 12. Rxb7 Nh5 13. O-O Nxf4 14. exf4
Qc8 15. Rfb1 Qe8 16. c5 f5 17. Qg3 g5 18. fxg5 f4 19. Qg4 h5 20. Qh4 Na6 21. g6
Rf5 22. Re7 Qf8 23. Rbb7 Rb8 24. Rg7+ Kh8 25. Rh7+ Kg8 26. Qe7 Qxe7 27. Rhxe7
Rxb7 28. Rxb7 Nxc5 29. dxc5 Rxe5 30. h3 Rg5 31. Rxa7 e5 32. f3 e4 33. h4 Rxg6
34. Kf2 e3+ 35. Ke2 Rxg2+ 36. Kd3 Rd2# {White checkmated} 0-1

[Event "Team 45 45 League T38"]
[Site "Internet Chess Club"]
[Date "2008.08.03"]
[Round "2"]
[White "reverendjim"]
[Black "Skyler"]
[Result "0-1"]
[WhiteElo "1188"]
[BlackElo "1451"]
[Opening "Caro-Kann: classical, 6.h4"]
[ECO "B19"]
[Time "21:02:23"]
[TimeControl "2700+45"]

1. e4 c6 2. d4 d5 3. Nc3 dxe4 4. Nxe4 Bf5 5. Ng3 Bg6 6. h4 h6 7. Nf3 e6 8. h5
Bh7 9. Bd3 Nf6 10. Bxh7 Nxh7 11. Qd3 Bd6 12. Ne4 Bc7 13. Bd2 Nd7 14. O-O-O Nhf6
15. Nxf6+ Qxf6 16. Rde1 O-O 17. Qe4 Rfe8 18. Bc3 Bf4+ 19. Kb1 Bd6 20. Qd3 e5 21.
dxe5 Nxe5 22. Rh3 Nxd3 23. Bxf6 Nxe1 24. Rg3 Bxg3 {White resigns} 0-1

[Event "Team 45 45 League T38"]
[Site "Internet Chess Club"]
[Date "2008.08.04"]
[Round "2"]
[White "chips"]
[Black "bowwrestler"]
[Result "1-0"]
[WhiteElo "1103"]
[BlackElo "945"]
[Opening "Queen's pawn game"]
[ECO "D05"]
[Time "14:17:16"]
[TimeControl "2700+45"]

1. d4 d5 2. Nf3 e6 3. e3 Nf6 4. Bb5+ Nc6 5. Bxc6+ bxc6 6. O-O Bd6 7. Nbd2 O-O 8.
b3 c5 9. c3 Bd7 10. a4 Re8 11. Ba3 Qe7 12. dxc5 Bxc5 13. Bxc5 Qxc5 14. Qc1 Rab8
15. b4 Qd6 16. b5 Ra8 17. Qa3 Qxa3 18. Rxa3 c6 19. Ne5 Bc8 20. Nxc6 Bd7 21. Ne5
Bc8 22. c4 dxc4 23. Ndxc4 Rd8 24. Nc6 Re8 25. Nd6 Rf8 26. Nxc8 Rfxc8 27. Ne7+
Kf8 28. Nxc8 Rxc8 29. Raa1 h6 30. Rfc1 Rxc1+ 31. Rxc1 g5 32. Rc7 Ne8 33. Rxa7
Nd6 34. b6 Nc8 35. Ra8 Ke7 36. b7 Nb6 37. b8=Q Nxa8 38. Qxa8 f5 39. Qh8 g4 40.
Qxh6 Kd6 41. h3 gxh3 42. Qxh3 Ke5 43. Qg3+ Kf6 44. a5 Ke7 45. a6 Kd7 46. a7 Ke7
47. a8=Q Kf6 48. Qf8# {Black checkmated} 1-0

[Event "Team 45 45 League T38"]
[Site "Internet Chess Club"]
[Date "2008.08.03"]
[Round "2"]
[White "Juan73"]
[Black "Luckydawg"]
[Result "1-0"]
[WhiteElo "1628"]
[BlackElo "1745"]
[Opening "Pirc: Holmov system"]
[ECO "B07"]
[Time "08:00:51"]
[TimeControl "2700+45"]

1. e4 d6 2. d4 Nf6 3. Nc3 g6 4. Bc4 Bg7 5. Bg5 O-O 6. Qd2 Nc6 7. Nf3 Nxe4 8.
Nxe4 d5 9. Bd3 dxe4 10. Bxe4 Bg4 11. c3 Qd7 12. h3 Bf5 13. Qe3 Bxe4 14. Qxe4 e6
15. h4 Qd5 16. Qxd5 exd5 17. g4 Rae8+ 18. Kd2 Re6 19. Rae1 Rfe8 20. Rxe6 Rxe6
21. Re1 Re3 {Black resigns} 1-0

[Event "Team 45 45 League T38"]
[Site "Internet Chess Club"]
[Date "2008.08.04"]
[Round "2"]
[White "bmw2002"]
[Black "lmadueno"]
[Result "1-0"]
[WhiteElo "1593"]
[BlackElo "1472"]
[Opening "English opening"]
[ECO "A10"]
[Time "21:03:05"]
[TimeControl "2700+45"]

1. c4 d6 2. g3 Nf6 3. Bg2 g6 4. d3 Bg7 5. Nc3 Nc6 6. Bg5 h6 7. Bf4 e5 8. Bd2 Be6
9. e4 Nd4 10. Nge2 Bg4 11. h3 Bf3 12. O-O Nxe2+ 13. Nxe2 Bxg2 14. Kxg2 O-O 15.
f4 exf4 16. Bc3 fxg3 17. Nxg3 c5 18. Qf3 Nd7 19. Rad1 Ne5 20. Qf4 g5 21. Qf5 Ng6
22. Qg4 Nf4+ 23. Kh2 Bxc3 24. bxc3 Ng6 25. Nf5 Ne5 26. Qh5 g4 27. Qxh6 Qf6 28.
Qxf6 {Black resigns} 1-0